 Dungeon Crawl Stone Soup version 0.27.1-34-g3ba077fa99 (webtiles) character file.

Game seed: 9284883107098317447

3035 cbfl8 the Protected (level 9, -8/73 (78) HPs)
             Began as a Minotaur Fighter on Jan 14, 2022.
             Was an Initiate of Yredelemnul.
             Mangled by Gastronok (24 damage)
             ... on level 8 of the Dungeon.
             The game lasted 00:17:59 (7460 turns).

cbfl8 the Protected (Minotaur Fighter)              Turns: 7460, Time: 00:17:59

HP:   -8/73 (78)    AC: 12    Str: 22    XL:     9   Next: 56%
MP:   8/8           EV: 13    Int:  8    God:    Yredelemnul [......]
Gold: 262           SH: 10    Dex:  9    Spells: 8/8 levels left

rFire    + . .     SeeInvis .   y - +10 mace of Causality {elec, Fly rCorr}
rCold    x . .     Faith    .   c - +0 kite shield
rNeg     . . .     Spirit   .   b - +1 scale mail
rPois    .         Reflect  .   m - +2 hat
rElec    .         Harm     .   (no cloak)
rCorr    +         Rampage  .   (no gloves)
Will     .....                  C - +0 pair of boots
Stlth    ..........             (no amulet)
HPRegen  0.22/turn              i - +4 ring of evasion
MPRegen  0.11/turn              K - ring of fire

@: about to teleport, flying, drained
A: horns 2, retaliatory headbutt
a: Renounce Religion


You were on level 8 of the Dungeon.
You worshipped Yredelemnul.
Yredelemnul was noncommittal.
You visited 2 branches of the dungeon, and saw 9 of its levels.
You also visited: Sewer.

You collected 262 gold pieces.

Inventory:

Hand Weapons
 a - a +0 war axe
 h - a +4 war axe
 y - the +10 mace of Causality (weapon) {elec, Fly rCorr}
   (You took it off an orc on level 5 of the Dungeon)

   It occasionally discharges a powerful burst of electricity upon striking a
   foe.
   Fly:       It grants you flight.
   rCorr:     It protects you from acid and corrosion.
 D - a +1 hand axe of electrocution
 F - the +8 trident "Hudurynu" {venom, Stlth+}
   (You found it on level 6 of the Dungeon)

   It poisons the flesh of those it strikes.
   Stlth:     It makes you more stealthy.
 H - a +2 dagger of freezing
 I - a +6 dagger
 J - a +1 short sword of freezing
 L - a +3 mace
Missiles
 v - 2 throwing nets (quivered)
 z - 2 silver boomerangs
Armour
 b - a +1 scale mail (worn)
 c - a +0 kite shield (worn)
 m - a +2 hat (worn)
 A - the +1 leather armour "Pine" {Regen+}
   (You took it off an orc on level 5 of the Dungeon)

   Regen:     It increases your rate of health regeneration.
 B - a +0 barding
 C - a +0 pair of boots (worn)
Magical Staves
 g - a staff of poison
Jewellery
 i - a +4 ring of evasion (left hand)
 w - a ring of resist corrosion
 K - a ring of fire (right hand)
Wands
 q - a wand of flame (17)
Scrolls
 e - 3 scrolls of teleportation
 f - 3 scrolls of enchant weapon
 k - 3 scrolls of amnesia
 o - a scroll of vulnerability
 p - 2 scrolls of identify
 t - 2 scrolls of noise
 u - a scroll of fog
 E - a scroll of magic mapping {unknown}
 G - a scroll of silence {unknown}
Potions
 d - a potion of might
 l - 2 potions of invisibility {unknown}
 n - 3 potions of curing {unknown}
 r - a potion of cancellation {unknown}
 s - 3 potions of flight
 x - 2 potions of brilliance {unknown}


   Skills:
 + Level 6.4 Fighting
 + Level 8.6(9.5) Axes
 + Level 6.0(8.2) Maces & Flails
 + Level 8.7 Armour
 + Level 3.7 Dodging
 + Level 1.1 Stealth
 + Level 7.0 Shields


You had 8 spell levels left.
You didn't know any spells.
Your spell library contained the following spells:

 Spells                   Type           Power      Damage    Failure   Level
 Ensorcelled Hibernation  Hex/Ice        0%         N/A       99%         2
 Dazzling Flash           Conj/Hex       0%         N/A       100%        3
 Spider Form              Tmut/Pois      0%         N/A       100%        3
 Agony                    Necr           0%         N/A       100%        5
 Silence                  Hex/Air        0%         N/A       100%        5
 Shadow Creatures         Summ           N/A        N/A       100%        6


Dungeon Overview and Level Annotations

Branches:
Dungeon (8/15)             Temple (1/1) D:7           Sewer (visited)
   Lair: D:8-11

Altars:
Ashenzari
Trog
Yredelemnul
Beogh

Annotations:
D:8 Gastronok


Innate Abilities, Weirdness & Mutations

You have a pair of horns on your head.
You reflexively headbutt those who attack you in melee.


Message History

The river rat bites you but does no damage.
You block Gastronok's attack.
Unknown command.
You sock the river rat!
You kill the river rat!
The river rat's corpse disappears in a puff of smoke!
You sock Gastronok! You headbutt Gastronok.
Gastronok is lightly wounded.
Gastronok mumbles some strange words.
Gastronok puts on a burst of speed!
Unknown command.
Unknown command.
You hit Gastronok.
Gastronok is lightly wounded.
Unknown command.
You sock Gastronok!
You headbutt Gastronok, but do no damage.
Gastronok is moderately wounded.
Gastronok bites you!!
Unknown command.
You sock Gastronok! You headbutt Gastronok!
Gastronok is moderately wounded.
Unknown command.
You sock Gastronok! Lightning courses through Gastronok!
You headbutt Gastronok!
Gastronok is heavily wounded.
Gastronok wobbles crazily.
Unknown command.
You sock Gastronok!
Gastronok is severely wounded.
Gastronok bites you!
* * * LOW HITPOINT WARNING * * *
Unknown command.
You sock Gastronok!
Gastronok is severely wounded.
Unknown command.
As you read the scroll of teleportation, it crumbles to dust.
You feel strangely unstable. Gastronok bites you!!
You die...
Your body rises from the dead as a mindless zombie.

.....# ...
.......##..#..
...........#.. .
#............. .. ##..
#........) ...
#..###......... ....
####<............
.....#.#.....w@.......
.......[....)).......#
......[[(...<..###...#
.......[[.....## ###
......[.....#.#
.........######
.......... ..##..)....
..#........


You could see Gastronok (swift).

Vanquished Creatures
  The ghost of belegose the Ruffian, a novice TrWz (D:5)
  5 ice beasts
  2 sky beasts
  A necrophage (D:5)
  3 ogres (D:7)
  A phantom (D:6)
  2 kobold brigands
  4 bullfrogs
  A scorpion (D:6)
  9 wights
  A howler monkey (D:4)
  A hound (D:6)
  A jelly (D:6)
  A gnoll shaman (D:5)
  4 orc priests
  Ijyb (D:3)
  Jessica (D:3)
  An iguana (D:6)
  2 orc wizards (D:7)
  A scorpion zombie (D:5)
  A killer bee zombie (D:7)
  8 adders
  3 gnolls (D:5)
  A howler monkey skeleton (D:7)
  A river rat (Sewer)
  A shadow imp (D:7)
  2 white imps
  An ufetubus (D:5)
  A worm (D:6)
  A dart slug (D:1)
  14 orcs
  5 bats
  7 endoplasms
  4 giant cockroaches
  7 hobgoblins
  9 jackals
  13 kobolds
  3 quokkas
  12 ball pythons
  2 frilled lizards
  10 goblins
  10 rats
159 creatures vanquished.

Notes
Turn   | Place    | Note
-------+----------+-------------------------------------------
     0 | D:1      | cbfl8 the Minotaur Fighter began the quest for the Orb.
     0 | D:1      | Reached XP level 1. HP: 19/19 MP: 0/0
   276 | D:1      | Reached XP level 2. HP: 23/27 MP: 1/1
   942 | D:1      | Reached XP level 3. HP: 22/33 MP: 2/2
  1292 | D:2      | Found a faded altar of an unknown god.
  1406 | D:2      | Reached XP level 4. HP: 40/40 MP: 3/3
  2049 | D:3      | Found a bloodstained altar of Trog.
  2350 | D:3      | Noticed Ijyb
  2357 | D:3      | Killed Ijyb
  2358 | D:3      | Reached XP level 5. HP: 40/46 MP: 4/4
  2713 | D:3      | Noticed Jessica
  2726 | D:3      | Killed Jessica
  2727 | D:3      | Reached skill level 5 in Axes
  3484 | D:5      | Entered Level 5 of the Dungeon
  3550 | D:5      | Noticed a sky beast
  3558 | D:5      | Killed a sky beast
  3559 | D:5      | Reached XP level 6. HP: 40/53 MP: 5/5
  3562 | D:5      | Reached skill level 5 in Armour
  3918 | D:5      | Reached skill level 1 in Dodging
  3934 | D:5      | Found a runed translucent gate.
  3936 | D:5      | Found a runed translucent gate.
  3936 | D:5      | Identified the +10 mace of Causality {elec, Fly rCorr}
  3936 | D:5      | Identified the +1 leather armour "Pine" {Regen+}
  3937 | D:5      | Found a runed translucent gate.
  3938 | D:5      | Noticed belegose's ghost (novice TrWz)
  3953 | D:5      | Reached XP level 7. HP: 53/60 MP: 6/6
  3956 | D:5      | Killed belegose's ghost
  3957 | D:5      | Reached skill level 5 in Fighting
  3957 | D:5      | Reached skill level 5 in Shields
  3957 | D:5      | Reached XP level 8. HP: 45/68 MP: 7/7
  4608 | D:6      | Reached skill level 1 in Maces & Flails
  4724 | D:6      | Found a glowing drain.
  4745 | Sewer    | Entered a sewer
  5283 | Sewer    | Found a white marble altar of Elyvilon.
  5349 | D:6      | Identified the +8 trident "Hudurynu" {venom, Stlth+}
  5948 | D:7      | Reached XP level 9. HP: 64/75 MP: 8/8
  6300 | D:7      | Reached skill level 5 in Maces & Flails
  6369 | D:7      | HP: 2/75 [orc priest (15)]
  6708 | D:7      | Found a staircase to the Ecumenical Temple.
  6714 | Temple   | Entered the Ecumenical Temple
  6727 | Temple   | Became a worshipper of Yredelemnul the Dark
  6793 | D:7      | Reached skill level 1 in Stealth
  7439 | D:8      | Noticed Gastronok
  7460 | D:8      | Mangled by Gastronok

Illustrated notes

Levels and vault maps discovered:
D:1:      onia_arrival_handbag, layout_loops_corners,
          amcnicky_mini_corridor_feature, hangedman_decor_riveting
D:2:      layout_rooms, shapermc_ecumenical_altar_starsandcircs
D:3:      layout_loops_ring, mainiacjoe_overflow_paths, uniq_ijyb, uniq_jessica
D:4:      layout_loops_cross, minmay_misc_feat_enclosed
D:5:      layout_rooms, biasface_ghost_orc_armoury
D:6:      layout_basic, portal_sewer_entry_a
D:7:      layout_cave_pools, minmay_temple_entry_fiery, due_unseen_surprise
D:8:      layout_cave_pools, palyth_temple_overflow_mages, elyvilon_altar_1,
          uniq_prince_ribbit1, uniq_gastronok, uniq_psyche
Temple:   minmay_crystal_spiral_temple

Skill      XL: |  1  2  3  4  5  6  7  8  9 |
---------------+----------------------------+-----
Fighting       | 4 5 6 |  6.4
Armour         | 4 5 6 7 8 |  8.7
Axes           | 3 4 6 7 8 |  8.6
Shields        | 4 5 6 7 |  7.0
Dodging        | 1 2 3 |  3.7
Maces & Flails | 4 6 |  6.0
Stealth        | 1 |  1.1

Action                   |  1- 3 |  4- 6 |  7- 9 || total
-------------------------+-------+-------+-------++-------
Melee: War axe           |    69 |    90 |     5 ||   164
       Headbutt          |    10 |    10 |    23 ||    43
       Mace              |       |       |   130 ||   130
  Use: Scroll            |       |       |     8 ||     8
       Potion            |       |       |     3 ||     3
Armor: Scale mail        |    48 |    27 |    73 ||   148
Dodge: Dodged            |    34 |    51 |    75 ||   160
Block: Kite shield       |    49 |    54 |    79 ||   182
